 Dungeon Crawl Stone Soup version 0.31-a0-702-gf82c85558f (webtiles) character file.

Game seed: 8968672887100171502

1309 qw the Skirmisher (level 8, 0/51 HPs)
             Began as a Gargoyle Hunter on Sept 8, 2023.
             Slain by Pikel
             ... wielding a +1 whip of flaming
              (11 damage)
             ... on level 5 of the Dungeon.
             The game lasted 00:01:36 (3369 turns).

qw the Skirmisher (Gargoyle Hunter)                 Turns: 3369, Time: 00:01:36

Health: 0/51       AC: 13    Str: 15    XL:     8   Next: 58%
Magic:  17/17      EV: 12    Int: 10    God:
Gold:   279        SH:  0    Dex: 18    Spells: 7/7 levels left

rFire   . . .        Y - +3 shortbow (chaos)
rCold   . . .        (shield currently unavailable)
rNeg    + . .        b - +0 ring mail "Cioniacs" {rPois MP+9 Dex+3}
rPois   inf          (no helmet)
rElec   +            (no cloak)
rCorr   +            (no gloves)
SInv    .            k - +1 pair of boots
Will    .....        g - amulet of regeneration
Stlth   +            d - ring of resist corrosion
HPRegen 1.08/turn    (no ring)
MPRegen 0.15/turn

%: no passive effects
@: no status effects
A: sickness immunity, AC +5, negative energy resistance 1, electricity
resistance, torment resistance 1, petrification resistance
a: no special abilities


You were on level 5 of the Dungeon.
You visited 1 branch of the dungeon, and saw 7 of its levels.

You collected 279 gold pieces.


Innate Abilities, Weirdness & Mutations

You are immune to sickness and miasma.
Your stone body is resilient. (AC +5)
You are immune to poison.
You resist negative energy. (rN+)
You are resistant to electric shocks. (rElec)
You are resistant to unholy torment.
You are immune to petrification.


   Skills:
 + Level 5.9 Fighting
 - Level 9.0 Ranged Weapons
 - Level 2.0 Armour
 - Level 2.9 Dodging
 - Level 1.1 Stealth


You had 7 spell levels left.
You didn't know any spells.
Your spell library was empty.

Inventory:

Hand Weapons
 Y - a +3 shortbow of chaos (weapon)
Armour
 b - the +0 ring mail "Cioniacs" (worn) {rPois MP+9 Dex+3}
   (You found it on level 3 of the Dungeon)

   Dex+3:     It affects your dexterity (+3).
   rPois:     It protects you from poison MP+9: It affects your magic capacity
   (+9).
 j - a +2 robe of fire resistance
 k - a +1 pair of boots (worn)
Jewellery
 d - a ring of resist corrosion (left hand)
 g - an amulet of regeneration (around neck)
Scrolls
 c - 2 scrolls of teleportation
 l - a scroll of identify
Potions
 a - 2 potions of curing
 e - a potion of cancellation {unknown}
 f - a potion of haste {unknown}
 h - a potion of enlightenment {unknown}
 i - a potion of degeneration {unknown}

Dungeon Overview and Level Annotations

Branches:
Dungeon (7/15)
 Temple: D:4-7

Altars:
Ashenzari
Sif Muna
Trog

Annotations:
D:4 1 runed translucent door, Crazy Yiuf
D:5 Pikel, Sigmund


Message History

The lemure hits you but does no damage.
You shoot an arrow. The arrow hits Pikel.
Pikel goes berserk!
Pikel is moderately wounded.
Pikel barely misses you. The lemure hits you but does no damage.
You shoot an arrow.
The arrow hits Pikel but does no damage.
Pikel seems to speed up.
Pikel is moderately wounded.
Pikel hits you with a +1 whip of flaming!
Pikel burns you. Something hits you. Pikel misses you.
The lemure hits you but does no damage.
You shoot an arrow. The arrow hits Pikel.
You feel better.
Pikel is moderately wounded.
Pikel hits you with a +1 whip of flaming!
Pikel burns you. Something hits you. The lemure closely misses you.
Pikel hits you but does no damage.
You shoot an arrow. The arrow hits Pikel.
The arrow freezes Pikel.
Pikel is moderately wounded.
Pikel hits you but does no damage. The lemure hits you but does no damage.
You shoot an arrow. The arrow hits Pikel!
Pikel is heavily wounded.
Pikel misses you. Something hits you. The lemure barely misses you.
Pikel hits you with a +1 whip of flaming.
Pikel burns you.
You shoot an arrow. The arrow hits Pikel.
The arrow burns Pikel.
Pikel is heavily wounded.
Pikel barely misses you. Something hits you.
The lemure hits you but does no damage.
You shoot an arrow. The arrow hits Pikel.
The arrow burns Pikel.
Pikel is severely wounded.
Pikel barely misses you. The lemure hits you but does no damage.
Pikel hits you with a +1 whip of flaming.
Pikel burns you.
You shoot an arrow. The arrow completely misses Pikel.
The arrow hits the lemure.
The lemure is poisoned.
The lemure is moderately wounded.
Something hits you.
Pikel hits you with a +1 whip of flaming!
You die...
Pikel says, "See you in Hell!"

#...#.# #..# . .
#...#.#########..##......
............)............
#.###.#........####......
......#.######.#.[. .....
..#####.######.#.##......
.........<......5{.5.....
...####)######.#K########
......)......#.#@#
.#.####[####.#.5.#
.....Z.....#.###.#
......#.##.#.# ###
...........#.##...
...#.#..........#
..##.#..#.......#
.....#..#.......#
#########.......#


You could see Pikel (berserk, fast) and 2 lemures.

Vanquished Creatures
  A spriggan (shapeshifter) (D:5)
  Menkaure (D:4)
  A black bear (D:5)
  3 ogres
  Blork the orc (D:4)
  2 scorpions
  2 hounds (D:5)
  3 iguanas
  3 orc wizards (D:4)
  Natasha (thrice) (D:4)
  2 adders
  An ufetubus (D:5)
  7 worms
  4 dart slugs
  7 orcs
  12 endoplasms
  7 giant cockroaches
  4 goblins
  3 hobgoblins
  8 jackals
  7 kobolds
  2 quokkas
  10 ball pythons
  7 bats
  2 frilled lizards
  2 rats
105 creatures vanquished.

Vanquished Creatures (collateral kills)
  A quokka (D:5)
1 creature vanquished.

Vanquished Creatures (others)
  Duvessa (D:5)
  A worm zombie (D:5)
2 creatures vanquished.

Grand Total: 108 creatures vanquished

Notes
Turn   | Place    | Note
-------+----------+-------------------------------------------
     0 | D:1      | qw the Gargoyle Hunter began the quest for the Orb.
     0 | D:1      | Reached XP level 1. HP: 12/12 MP: 1/1
     0 | D:1      | 0 ||| qw: Version: 0.3-a-76-g4403597
     0 | D:1      | 0 ||| qw: Game counter: 928
     0 | D:1      | 0 ||| qw: Melee chars always use a shield: true
     0 | D:1      | 0 ||| qw: God list: Okawaru
     0 | D:1      | 0 ||| qw: Allow faded altars: false
     0 | D:1      | 0 ||| qw: Do Orc after clearing Dungeon:15 true
     0 | D:1      | 0 ||| qw: Do second Lair branch before Depths: true
     0 | D:1      | 0 ||| qw: Lair rune preference: random
     0 | D:1      | 0 ||| qw: Goals: Normal
     0 | D:1      | 0 ||| PLANNING D:1-11
    85 | D:1      | Reached XP level 2. HP: 17/17 MP: 2/2
   447 | D:1      | Reached XP level 3. HP: 20/21 MP: 3/3
   459 | D:1      | Reached skill level 5 in Ranged Weapons
   808 | D:1      | 808 ||| UPGRADING to +0 ring mail.
   818 | D:1      | 818 ||| DROPPING +0 leather armour.
   819 | D:1      | 819 ||| READING 2 scrolls labelled YKAHAO TESKEA.
   820 | D:1      | 820 ||| READING scroll labelled GEROES YS ZIRUSE.
   823 | D:1      | 823 ||| READING scroll labelled UPEPTOYRRO.
   824 | D:1      | 824 ||| READING scroll labelled GIOTIC YBUT.
   825 | D:1      | 825 ||| READING scroll labelled SUBEITHR UMIWEMIWIA.
   826 | D:1      | 826 ||| READING scroll labelled WECKEH VEREW.
   827 | D:1      | 827 ||| DROPPING scroll of vulnerability.
   828 | D:1      | 828 ||| DROPPING scroll of butterflies.
   928 | D:2      | Reached skill level 1 in Armour
  1104 | D:2      | Reached XP level 4. HP: 27/27 MP: 4/4
  1244 | D:2      | Reached skill level 3 in Fighting
  1471 | D:2      | 1471 ||| UPGRADING to ring of resist corrosion.
  1472 | D:2      | 1472 ||| READING scroll labelled YXOESO RAITOELL.
  1473 | D:2      | 1473 ||| READING 2 scrolls labelled GOOHEU HUIGEMN.
  1474 | D:2      | 1474 ||| READING scroll of enchant weapon.
  1474 | D:2      | 1474 ||| ENCHANTING +1 shortbow of chaos.
  1475 | D:2      | 1475 ||| DRINKING 2 glowing silvery potions.
  1476 | D:2      | 1476 ||| DRINKING 2 green potions.
  1581 | D:2      | 1581 ||| DROPPING potion of berserk rage.
  1623 | D:3      | Identified the +0 ring mail "Cioniacs" {rPois MP+9 Dex+3}
  1641 | D:3      | Found a faded altar of an unknown god.
  1988 | D:3      | 1988 ||| UPGRADING to +0 ring mail "Cioniacs" {rPois MP+9
                  | Dex+3}.
  1998 | D:3      | 1998 ||| DROPPING +0 ring mail.
  2068 | D:3      | 2068 ||| UPGRADING to amulet of regeneration.
  2073 | D:3      | 2073 ||| READING scroll labelled OMUNIP USOSEPH.
  2103 | D:4      | 2103 ||| RETREATING.
  2128 | D:4      | 2128 ||| DRINKING 2 potions of curing.
  2128 | D:4      | 2128 ||| (to cure confusion)
  2136 | D:4      | Reached XP level 5. HP: 28/32 MP: 5/5
  2167 | D:4      | Reached skill level 6 in Ranged Weapons
  2187 | D:4      | Noticed an ogre
  2195 | D:4      | Killed an ogre
  2196 | D:4      | Reached XP level 6. HP: 39/39 MP: 6/6
  2270 | D:4      | 2270 ||| READING scroll of enchant weapon.
  2270 | D:4      | 2270 ||| ENCHANTING +2 shortbow of chaos.
  2287 | D:4      | Found a runed translucent door.
  2288 | D:4      | Noticed Crazy Yiuf
  2411 | D:4      | Reached skill level 7 in Ranged Weapons
  2411 | D:4      | Reached XP level 7. HP: 44/44 MP: 7/7
  2432 | D:4      | Noticed Menkaure
  2432 | D:4      | Noticed Natasha
  2433 | D:4      | 2433 ||| RETREATING.
  2438 | D:4      | 2438 ||| Stepping ~*~*~tactically~*~*~ (retreating).
  2441 | D:4      | 2441 ||| Stepping ~*~*~tactically~*~*~ (retreating).
  2443 | D:4      | Killed Menkaure
  2480 | D:4      | Killed Natasha
  2484 | D:4      | Noticed Blork the orc
  2492 | D:4      | HP: 11/44 [Blork the orc/+4 halberd of venom (12)]
  2493 | D:4      | 2493 ||| READING 2 scrolls of teleportation.
  2495 | D:4      | Killed Blork the orc
  2698 | D:4      | Found a shimmering blue altar of Sif Muna.
  2707 | D:4      | Found a bloodstained altar of Trog.
  2771 | D:4      | You fall into a shaft and drop 3 floors!
  2775 | D:7      | 2775 ||| UPGRADING to +1 pair of boots.
  2808 | D:6      | HP: 10/44 [ogre/+0 giant club (21)]
  2809 | D:6      | 2809 ||| READING 2 scrolls of teleportation.
  2818 | D:6      | Reached skill level 8 in Ranged Weapons
  2850 | D:5      | Entered Level 5 of the Dungeon
  2851 | D:5      | 2851 ||| RETREATING.
  2852 | D:5      | 2852 ||| Stepping ~*~*~tactically~*~*~ (retreating).
  2853 | D:5      | 2853 ||| Stepping ~*~*~tactically~*~*~ (retreating).
  2883 | D:5      | Reached XP level 8. HP: 49/49 MP: 8/8
  2883 | D:5      | Found a broken altar of Ashenzari.
  2961 | D:5      | Noticed Duvessa
  2961 | D:5      | Noticed Dowan
  2962 | D:5      | 2962 ||| RETREATING.
  2974 | D:5      | Killed Duvessa
  2977 | D:5      | Dowan changed into Dowan the shapeshifter
  2977 | D:5      | Noticed Dowan (shapeshifter)
  2977 | D:5      | Dowan the shapeshifter changed into Dowan the spriggan
  2977 | D:5      | Noticed Dowan (shapeshifter)
  2980 | D:5      | Killed Dowan the spriggan
  3073 | D:4      | Noticed Natasha
  3077 | D:4      | 3077 ||| Stepping ~*~*~tactically~*~*~ (outnumbered).
  3079 | D:4      | 3079 ||| RETREATING.
  3080 | D:4      | Killed Natasha
  3081 | D:4      | Reached skill level 9 in Ranged Weapons
  3098 | D:4      | Noticed Natasha
  3101 | D:4      | 3101 ||| Stepping ~*~*~tactically~*~*~ (outnumbered).
  3102 | D:4      | 3102 ||| Stepping ~*~*~tactically~*~*~ (outnumbered).
  3109 | D:4      | Killed Natasha
  3347 | D:5      | Noticed Sigmund
  3348 | D:5      | 3348 ||| RETREATING.
  3351 | D:5      | 3351 ||| Stepping ~*~*~tactically~*~*~ (retreating).
  3354 | D:5      | Noticed Pikel
  3355 | D:5      | 3355 ||| Stepping ~*~*~tactically~*~*~ (retreating).
  3356 | D:5      | 3356 ||| Stepping ~*~*~tactically~*~*~ (retreating).
  3369 | D:5      | HP: 11/51 [something (3)]
  3369 | D:5      | Slain by Pikel

Levels and vault maps discovered:
D:1:      matt_arrival_los_fun, layout_loops_cross, minmay_tree_intersection,
          nicolae_twisty_statue_hallways
D:2:      layout_loops_ring, kennysheep_generic_room_10
D:3:      layout_rooms, hellmonk_ecumenical_altar_dog_temple,
          grunt_decor_fettered
D:4:      layout_rooms, mainiacjoe_overflow_catwalk, amcnicky_altar_gilded,
          minmay_increasing_density, uniq_natasha, uniq_menkaure,
          uniq_crazy_yiuf_cottage, uniq_blork_the_orc
D:5:      layout_basic, chequers_temple_overflow_statue_of_worship,
          nicolae_wormholes, uniq_ijyb, uniq_duvessa, uniq_pikel, uniq_sigmund
D:6:      layout_loops_ring, minitemple, minmay_temple_entry_junction
D:7:      layout_basic, minmay_lizard_king

Skill      XL: |  1  2  3  4  5  6  7  8 |
---------------+-------------------------+-----
Ranged Weapons | 5 6 7 8 9 |  9.0
Armour         | 1 2 |  2.0
Fighting       | 3 4 5 |  5.9
Dodging        | 2 |  2.9
Stealth        | |  1.1

Action                     |  1- 3 |  4- 6 |  7- 9 || total
---------------------------+-------+-------+-------++-------
   Fire: Shortbow          |   143 |   107 |   120 ||   370
    Use: Scroll            |     6 |     5 |     2 ||    13
         Potion            |       |     3 |       ||     3
 Armour: Leather armour    |    42 |       |       ||    42
         Ring mail         |     4 |    59 |    65 ||   128
  Dodge: Dodged            |    38 |    35 |    52 ||   125

Table legend:
 A = Non-vault XP
 B = Vault XP
 C = Vault XP percentage of total XP
 D = Non-vault monster count
 E = Vault monster count
 F = Vault count percentage of total count
                 A         B        C        D         E       F
            +---------+---------+-------+---------+---------+-------
      Total |    1165 |     705 |  37.7 |      86 |      21 |  19.6
            +---------+---------+-------+---------+---------+-------
        D:1 |      50 |       0 |   0.0 |      29 |       0 |   0.0
        D:2 |      45 |       1 |   2.2 |      17 |       1 |   5.6
        D:3 |      14 |       4 |  22.2 |       5 |       2 |  28.6
        D:4 |     567 |     355 |  38.5 |      23 |      15 |  39.5
        D:5 |     364 |     345 |  48.7 |      11 |       3 |  21.4
        D:6 |     125 |       0 |   0.0 |       1 |       0 |   0.0
            +---------+---------+-------+---------+---------+-------
